Map: Nightscape LE

Players

UnknownNoTwo

  • Race: Terran Terran
  • League: Diamond
  • Spawn Location: 1:00

UnknownNoOne

  • Race: Terran Terran
  • Spawn Location: 1:00

Massa

  • Race: Protoss Protoss
  • League: Platinum
  • Spawn Location: 7:00

qqq

  • Race: Terran Terran
  • Spawn Location: 7:00

VOD

Have the link to the VOD?

Description

Time

  • Played on: Nov. 6, 2020, 1:49 p.m.
  • Length: 17:39
Show
View Real Time Build Order
Export as new Build Order

UnknownNoTwo Terran 

Build Orders:  

Get SALT Encoding   

  12  0:00  SCV  
  13  0:12  SCV  
  14  0:21  Supply Depot  
  14  0:24  SCV  
  15  0:42  SCV  
  16  0:45  Barracks  
  16  0:54  Refinery, SCV  
  17  1:06  SCV  
  18  1:20  SCV  
  19  1:32  Refinery  
  19  1:34  Orbital Command  
  19  1:35  Marine  
  20  1:48  Supply Depot  
  20  1:53  Marine  
  21  2:00  SCV  
  22  2:06  Factory  
  22  2:17  Marine  
  22  2:20  SCV  
  24  2:31  Barracks  
  24  2:47  Command Center  
  24  2:50  Barracks Reactor  
  24  2:54  Starport, Factory Reactor  
  24  2:55  SCV  
  25  3:07  SCV  
  26  3:17  Engineering Bay, Supply Depot  
  26  3:19  Barracks Tech Lab, SCV  
  27  3:27  Marine  
  27  3:28  Marine  
  29  3:38  Stimpack  
  29  3:40  Medivac  
  32  3:41  Medivac  
  31  3:43  Marine  
  34  3:51  Widow Mine  
  34  3:54  Marine x2  
  38  4:02  Orbital Command  
  38  4:05  SCV  
  38  4:06  Marine  
  40  4:15  Marine x2  
  42  4:24  Marine  
  43  4:36  SCV  
  43  4:37  SCV  
  45  4:40  Factory Tech Lab  
  45  4:42  Supply Depot  
  45  4:43  Marine x3  
  48  4:48  SCV  
  48  4:49  SCV  
  50  4:54  Bunker  
  50  5:00  Supply Depot  
  50  5:01  SCV x2  
  48  5:23  Marine x2  
  48  5:24  Marine  
  48  5:27  Refinery  
  48  5:28  Missile Turret  
  51  5:29  SCV x2  
  51  5:30  Siege Tank  
  56  5:36  Terran Infantry Weapons Level 1  
  56  5:40  Engineering Bay  
  56  5:41  SCV, Marine x2  
  59  5:44  Refinery  
  59  5:45  Liberator  
  61  6:18  Medivac  
  61  6:20  Combat Shield  
  61  6:27  Barracks, Ghost Academy, Siege Tank  
  61  6:29  Barracks  
  64  6:36  SCV x2  
  66  6:44  Terran Infantry Armor Level 1  
  66  6:45  Missile Turret  
  66  6:48  SCV x2, Marine  
  69  6:58  Supply Depot  
  69  7:00  SCV, Supply Depot  
  70  7:14  Enhanced Shockwaves  
  70  7:16  Barracks Tech Lab  
  70  7:17  Barracks Reactor  
  70  7:19  Ghost  
  70  7:20  Medivac, Siege Tank  
  70  7:22  Supply Depot  
  77  7:23  Supply Depot  
  77  7:24  SCV  
  78  7:38  Ghost  
  78  7:39  Marine x2  
  82  7:45  Armory  
  82  7:49  Marauder  
  83  7:56  Marine  
  83  7:57  Marine  
  76  8:06  Fusion Core  
  76  8:07  SCV x2, Marine  
  76  8:08  Marine, Ghost  
  76  8:10  Marauder  
  84  8:16  Marine  
  85  8:25  Marine  
  85  8:26  Marine x2  
  88  8:31  Marauder  
  88  8:33  SCV x2  
  92  8:38  Terran Infantry Weapons Level 2, Command Center  
  92  8:44  Marine  
  92  8:45  Marine  
  92  8:47  Marauder  
  95  9:29  Marine  
  95  9:30  Marauder, Marine x3  
  95  9:31  Marauder  
  101  9:40  Personal Cloaking  
  101  9:46  Ghost Academy x2  
  101  9:47  Marine  
  101  9:50  Command Center  
  102  9:59  Command Center, Supply Depot  
  102  10:13  Marine  
  102  10:21  Marauder x2  
  106  10:23  Marine x3  
  106  10:27  Nuke x2  
  109  10:30  Concussive Shells  
  109  10:37  Terran Infantry Armor Level 2, Liberator, Medivac  
  109  10:38  Supply Depot  
  109  10:39  Advanced Ballistics  
  109  10:40  Supply Depot  
  109  10:42  Terran Ship Weapons Level 1  
  114  10:45  SCV x2  
  116  10:57  SCV  
  117  11:06  Nuke  
  86  12:18  Marauder x2, Marine x4  
  86  12:22  Missile Turret  
  94  12:23  Refinery, Missile Turret  
  94  12:26  Refinery  
  94  12:39  Marauder  
  94  12:40  Nuke x2  
  94  12:41  Marauder, Marine x4  
  94  12:43  Planetary Fortress  
  102  12:46  SCV x2  
  102  12:49  Orbital Command  
  104  12:57  Barracks  
  102  12:58  SCV x2, Marine  
  102  12:59  Barracks, Marine  
  102  13:00  Barracks  
  102  13:01  Marauder  
  102  13:02  Marine  
  102  13:03  Marauder, Marine  
  112  13:10  SCV, Siege Tank  
  116  13:16  Terran Ship Weapons Level 2  
  116  13:21  Terran Infantry Weapons Level 3  
  116  13:22  Marauder  
  116  13:26  Marine x3  
  121  13:28  SCV  
  122  13:37  Ghost  
  122  13:40  Liberator x2  
  130  13:54  Barracks Reactor, Barracks Tech Lab  
  130  13:55  Barracks Reactor  
  130  14:14  Marine  
  130  14:15  Marine x2, Ghost  
  130  14:16  Marine x2  
  137  14:23  Medivac x2  
  135  14:35  Marauder, Marine x5  
  135  14:36  Marine x4  
  146  14:45  Starport  
  146  14:46  Starport  
  146  14:58  Nuke  
  146  15:03  Marauder, Marine x2  
  146  15:04  Marauder x2, Marine x4  
  146  15:05  Marine  
  149  15:16  Barracks x2  
  149  15:17  Barracks  
  149  15:24  Ghost  
  149  15:25  Marauder  
  153  15:33  Command Center  
  153  15:37  Command Center  
  108  16:05  Ghost, Marauder, Marine x3  
  108  16:06  Marauder, Marine x2  
  105  16:27  Marauder x2  
  107  16:34  Marauder  
  102  16:45  Marine x2  
  102  16:46  Marine x2  
  96  16:48  Marauder x2  
  96  16:49  Starport Tech Lab, Starport Reactor  
  100  16:56  Marauder  
  102  17:04  Missile Turret  
  102  17:24  Missile Turret  
Show
View Real Time Build Order
Export as new Build Order

UnknownNoOne Terran 

Build Orders:  

Get SALT Encoding   

  12  0:00  SCV  
  13  0:12  SCV  
  14  0:24  SCV  
  14  0:25  Supply Depot  
  15  0:31  Refinery  
  15  0:47  SCV  
  16  0:50  Barracks  
  16  0:59  SCV  
  17  1:11  SCV  
  18  1:14  Supply Depot  
  18  1:23  SCV  
  19  1:37  Orbital Command  
  19  1:42  Factory  
  19  1:59  Reaper  
  20  2:03  SCV  
  21  2:24  Command Center  
  21  2:25  Hellion  
  23  2:39  Starport  
  23  2:47  Hellion  
  25  2:51  SCV, Supply Depot  
  25  3:08  SCV, Hellion  
  25  3:10  Refinery  
  28  3:15  Medivac  
  30  3:20  SCV  
  31  3:30  Hellion  
  33  3:34  SCV  
  33  3:38  Supply Depot  
  34  3:53  Widow Mine  
  36  4:03  Starport Tech Lab  
  36  4:09  Fusion Core  
  36  4:11  SCV  
  36  4:12  Engineering Bay  
  36  4:14  Widow Mine  
  39  4:26  Orbital Command  
  39  4:27  SCV  
  40  4:32  Marine  
  33  5:09  Battlecruiser  
  39  5:17  SCV, Command Center  
  40  5:22  Widow Mine  
  42  5:29  SCV  
  42  5:32  Supply Depot  
  42  5:33  Marine  
  44  5:37  Barracks  
  44  5:43  Barracks  
  44  5:50  SCV  
  44  5:51  Marine  
  44  5:56  Weapon Refit  
  46  6:07  Supply Depot  
  46  6:08  Supply Depot  
  46  6:13  Widow Mine  
  48  6:21  Armory  
  48  6:33  Barracks  
  48  6:34  Barracks  
  48  6:35  SCV  
  49  6:47  SCV, Medivac  
  49  6:48  Factory Tech Lab  
  52  6:59  Starport, SCV  
  53  7:04  SCV, Orbital Command  
  54  7:09  Marine  
  54  7:12  SCV, Terran Vehicle And Ship Armor Level 1  
  56  7:16  SCV  
  56  7:18  Widow Mine  
  59  7:24  SCV  
  59  7:28  SCV  
  61  7:35  SCV, Marine x4  
  61  7:36  SCV, Marine  
  68  7:40  SCV  
  69  7:48  SCV  
  70  8:18  SCV x3  
  70  8:19  Marine  
  67  8:21  Barracks Tech Lab  
  67  8:22  Barracks Tech Lab  
  67  8:24  Terran Infantry Weapons Level 1  
  68  8:29  Barracks Tech Lab x2  
  68  8:30  SCV, Starport Tech Lab  
  68  8:32  Medivac  
  71  8:47  Factory, Siege Tank  
  74  8:49  Marine x5  
  74  8:52  SCV x2  
  74  8:55  SCV  
  82  8:58  Stimpack  
  82  9:01  Refinery  
  82  9:02  Refinery  
  82  9:04  SCV  
  82  9:07  SCV  
  84  9:19  SCV, Marine x3  
  84  9:20  Marauder x2  
  87  9:37  Marine  
  87  9:38  SCV x2, Marauder x2  
  93  9:41  Marine  
  93  9:44  Missile Turret  
  95  9:46  Missile Turret  
  95  9:49  Missile Turret  
  95  9:51  Missile Turret  
  95  9:52  Marine  
  96  9:54  Terran Vehicle And Ship Armor Level 2  
  96  9:56  Factory Tech Lab  
  96  9:58  Medivac  
  96  9:59  Marauder  
  100  10:15  Viking  
  100  10:19  Missile Turret  
  100  10:20  Missile Turret  
  100  10:21  Refinery  
  102  10:22  Refinery  
  102  10:23  Missile Turret x2  
  102  10:25  Missile Turret x3  
  102  10:26  Marine x2, Missile Turret  
  102  10:27  Marauder x2, Marine, Missile Turret  
  109  10:33  Siege Tank  
  109  10:35  Engineering Bay, Siege Tank  
  115  10:45  Marauder, Command Center  
  115  10:48  SCV  
  114  11:16  Marine  
  114  11:17  Marauder x2, Marine  
  113  11:20  Siege Tank x2  
  113  11:21  Raven  
  113  11:23  Combat Shield  
  113  11:24  Concussive Shells  
  121  11:29  Marine  
  121  11:31  Terran Infantry Armor Level 1  
  122  11:35  Marauder  
  122  11:39  Command Center  
  124  11:40  SCV  
  125  11:49  SCV  
  125  11:50  SCV, Marine x2  
  125  11:51  Marauder  
  131  11:58  Starport  
  131  12:02  Marine  
  122  12:34  Marauder x2, Marine x3  
  122  12:35  Terran Infantry Weapons Level 2  
  107  12:38  Starport Tech Lab  
  107  12:39  Thor x2  
  119  12:47  Terran Vehicle And Ship Armor Level 3  
  119  12:51  Marine  
  119  12:52  Armory, Marauder, Marine  
  123  13:03  Medivac, Viking  
  120  13:25  Marine x3  
  120  13:26  Marauder x2  
  106  13:44  Marine x3  
  106  13:46  Marine  
  106  13:47  Marauder  
  93  13:50  Thor x2  
  93  13:53  Banshee  
  93  13:54  Viking  
  110  14:02  Marauder, Marine  
  113  14:10  Terran Infantry Armor Level 2, Marine  
  113  14:11  Marauder, Marine  
  117  14:19  Marine  
  117  14:24  Marauder, Terran Vehicle Weapons Level 1  
  120  14:37  Medivac  
  122  14:39  Medivac  
  122  14:41  Thor  
  122  14:42  Marine x2, Siege Tank  
  122  14:43  Marauder x2  
  122  14:44  Marine  
  122  14:45  Orbital Command  
  140  15:00  Orbital Command, Marauder  
  142  15:11  Medivac x2  
  142  15:12  Medivac  
  142  15:13  Marauder, Marine x2  
  142  15:14  Marauder  
  154  15:21  Marine  
  155  15:31  Marauder  
  145  15:44  Liberator, Viking, Medivac  
  127  16:02  Marine x2  
  127  16:03  Marauder x2, Marine  
  105  16:20  Marine  
  105  16:21  Marauder x2  
  105  16:24  Marine  
  105  16:25  Marauder  
  110  16:38  Marine  
  105  16:42  Marauder x2, Marine  
  105  16:45  Marine  
  107  16:49  SCV  
  108  16:55  SCV x4  
  108  16:56  Marine  
  108  17:00  Marauder  
  109  17:01  SCV  
  109  17:03  Marauder, Marine  
  109  17:04  Marauder  
  109  17:07  SCV x4  
  119  17:13  SCV, Marine  
  130  17:25  SCV  
Show
View Real Time Build Order
Export as new Build Order

Massa Protoss 

Build Orders:  

Get SALT Encoding   

  12  0:00  Probe (Chrono Boost)  
  13  0:10  Probe (Chrono Boost)  
  14  0:15  Probe (Chrono Boost)  
  15  0:26  Pylon  
  15  0:39  Pylon  
  15  0:44  Probe  
  16  0:57  Probe (Chrono Boost)  
  17  1:08  Gateway  
  17  1:09  Probe (Chrono Boost)  
  18  1:16  Probe (Chrono Boost)  
  19  1:19  Pylon  
  19  1:23  Assimilator  
  19  1:32  Pylon  
  19  1:42  Nexus  
  19  2:12  Probe (Chrono Boost)  
  20  2:22  Probe (Chrono Boost)  
  21  2:27  Cybernetics Core  
  21  2:37  Pylon  
  21  2:46  Gateway  
  21  2:47  Probe  
  22  2:58  Assimilator  
  22  3:00  Probe (Chrono Boost)  
  22  3:04  Probe (Chrono Boost)  
  24  3:10  Probe (Chrono Boost), Stalker  
  28  3:14  Probe (Chrono Boost)  
  29  3:20  Probe (Chrono Boost)  
  29  3:23  Probe (Chrono Boost)  
  30  3:28  Protoss Air Weapons Level 1  
  30  3:30  Gateway  
  30  3:31  Probe (Chrono Boost)  
  30  3:32  Probe (Chrono Boost)  
  32  3:35  Stalker  
  32  3:40  Stalker  
  32  3:41  Assimilator  
  36  3:44  Assimilator  
  36  3:57  Probe (Chrono Boost)  
  38  4:03  Probe (Chrono Boost)  
  38  4:05  Stalker  
  38  4:07  Probe (Chrono Boost)  
  42  4:10  Stalker  
  42  4:11  Probe (Chrono Boost)  
  42  4:12  Probe (Chrono Boost)  
  45  4:20  Twilight Council  
  45  4:31  Stalker  
  45  4:35  Stalker  
  45  4:37  Pylon  
  49  4:40  Stalker  
  51  4:51  Shield Battery  
  47  5:01  Stalker  
  31  5:17  Probe (Chrono Boost)  
  29  5:22  Probe (Chrono Boost)  
  29  5:26  Probe (Chrono Boost)  
  30  5:28  Stalker  
  30  5:30  Probe (Chrono Boost)  
  30  5:32  Probe (Chrono Boost)  
  34  5:37  Blink  
  34  5:41  Probe (Chrono Boost)  
  35  5:58  Stalker  
  37  6:06  Probe x2 (Chrono Boost)  
  37  6:18  Probe (Chrono Boost)  
  39  6:24  Probe (Chrono Boost)  
  39  6:32  Robotics Facility  
  39  6:40  Probe (Chrono Boost)  
  39  6:45  Probe (Chrono Boost)  
  41  6:57  Dark Shrine  
  41  7:01  Probe x2  
  43  7:13  Probe (Chrono Boost)  
  45  7:15  Probe (Chrono Boost)  
  45  7:25  Probe (Chrono Boost)  
  45  7:26  Stalker  
  49  7:30  Probe (Chrono Boost)  
  49  7:31  Probe (Chrono Boost)  
  49  7:35  Warp Prism  
  52  7:39  Probe (Chrono Boost)  
  54  7:46  Probe (Chrono Boost)  
  51  8:24  Stalker x3  
  57  8:40  Observer  
  58  8:43  Probe (Chrono Boost)  
  58  8:44  Probe (Chrono Boost)  
  60  8:53  Probe x2 (Chrono Boost)  
  60  8:54  Stalker x3  
  68  8:58  Probe (Chrono Boost)  
  68  9:02  Observer  
  70  9:24  Stalker x2  
  74  9:31  Probe x2  
  76  9:43  Probe x2  
  78  9:57  Nexus  
  78  10:09  Nexus  
  78  10:13  Probe x2  
  76  10:24  Stalker  
  78  10:55  Probe x2  
  78  10:56  Stalker x2  
  78  10:58  Stalker  
  74  11:08  Probe  
  59  11:26  Stalker x2  
  59  11:28  Stalker  
  38  11:56  Gateway, Stalker x2  
  38  11:59  Gateway, Pylon  
  38  12:00  Gateway  
  40  12:02  Pylon  
  40  12:04  Pylon  
  40  12:05  Pylon  
  40  12:09  Gateway x2  
  40  12:11  Gateway  
  26  12:26  Probe (Chrono Boost)  
  28  12:31  Probe (Chrono Boost)  
  28  12:35  Probe (Chrono Boost)  
  28  12:36  Probe (Chrono Boost)  
  30  12:39  Probe (Chrono Boost)  
  30  12:43  Probe (Chrono Boost)  
  32  12:44  Probe (Chrono Boost)  
  32  12:45  Probe (Chrono Boost)  
  32  12:47  Probe (Chrono Boost)  
  34  12:52  Probe  
  34  12:55  Probe  
  30  12:59  Probe  
  30  13:05  Probe (Chrono Boost)  
  31  13:07  Probe (Chrono Boost)  
  31  13:08  Pylon  
  31  13:12  Probe (Chrono Boost), Pylon  
  33  13:19  Probe (Chrono Boost), Pylon  
  34  13:23  Probe (Chrono Boost), Nexus  
  34  13:24  Stalker  
  34  13:26  Probe (Chrono Boost)  
  38  13:27  Probe (Chrono Boost)  
  38  13:34  Probe  
  39  13:37  Probe  
  39  13:41  Pylon  
  41  13:46  Probe  
  42  14:10  Dark Templar x3  
  42  14:14  Dark Templar  
  50  14:18  Probe (Chrono Boost)  
  50  14:19  Probe x2 (Chrono Boost)  
  53  14:28  Probe x3 (Chrono Boost)  
  56  14:33  Probe x2 (Chrono Boost)  
  58  14:58  Observer  
  59  15:18  Probe (Chrono Boost)  
  59  15:19  Probe x2 (Chrono Boost)  
  63  15:23  Probe (Chrono Boost)  
  65  15:29  Probe x3 (Chrono Boost)  
  65  15:32  Probe (Chrono Boost)  
  65  15:33  Probe (Chrono Boost)  
  65  15:35  Dark Templar x2  
  69  15:36  Dark Templar  
  69  15:42  Probe  
  67  15:53  Zealot  
  67  15:54  Zealot x3  
  74  15:59  Probe  
  74  16:01  Probe  
  74  16:11  Probe  
  70  16:13  Probe  
  70  16:14  Zealot  
  70  16:15  Zealot  
  75  16:20  Zealot  
  75  16:21  Zealot x3  
  75  16:23  Probe  
  74  16:25  Probe  
  67  16:35  Probe  
  67  16:38  Probe  
  62  16:47  Probe  
  62  16:50  Probe  
  64  17:04  Assimilator  
  64  17:11  Assimilator x2  
  64  17:15  Assimilator  
  64  17:16  Pylon  
  64  17:19  Pylon  
  64  17:22  Pylon  
  76  17:26  Pylon  
  76  17:29  Pylon  
Show
View Real Time Build Order
Export as new Build Order

qqq Terran 

Build Orders:  

Get SALT Encoding   

  12  0:01  SCV  
  13  0:13  SCV  
  14  0:26  SCV  
  15  0:31  Supply Depot  
  15  0:42  Refinery  
  15  0:53  SCV  
  15  0:55  Barracks  
  16  1:05  SCV  
  17  1:17  SCV  
  18  1:29  SCV  
  19  1:41  SCV  
  19  1:42  Supply Depot  
  20  1:49  Reaper  
  20  1:53  SCV  
  22  1:55  Command Center  
  22  2:22  Reaper  
  24  2:32  Orbital Command  
  23  2:48  Factory  
  23  2:54  Reaper  
  24  2:58  Refinery, SCV  
  24  3:10  SCV  
  25  3:13  SCV  
  25  3:16  Supply Depot  
  26  3:23  SCV  
  26  3:25  SCV  
  28  3:35  Factory Tech Lab  
  28  3:37  Barracks Reactor, SCV  
  28  3:38  Supply Depot  
  28  3:49  SCV  
  29  3:57  Siege Tank  
  29  4:01  SCV  
  33  4:06  Barracks  
  33  4:08  SCV  
  34  4:13  SCV  
  35  4:21  SCV  
  36  4:25  SCV  
  37  4:33  SCV  
  37  4:38  SCV  
  39  4:43  Starport  
  39  4:44  Starport  
  39  4:45  SCV  
  33  4:50  SCV  
  30  4:57  SCV  
  31  5:09  SCV  
  31  5:10  Marine  
  31  5:12  Marine x2  
  35  5:19  SCV  
  36  5:21  SCV  
  36  5:26  Starport Reactor  
  36  5:28  Marine  
  37  5:30  Marine x2  
  37  5:31  SCV  
  37  5:33  SCV  
  42  5:38  Command Center  
  42  5:43  SCV  
  42  5:45  Refinery, SCV  
  42  5:46  Marine  
  42  5:48  Marine x2, Viking  
  49  5:55  SCV  
  50  5:57  SCV  
  50  6:02  Supply Depot  
  50  6:04  Marine  
  52  6:07  SCV  
  52  6:09  Armory, Viking  
  52  6:11  Refinery  
  55  6:18  SCV  
  56  6:19  SCV  
  57  6:25  Supply Depot  
  57  6:29  Viking  
  57  6:30  SCV  
  57  6:31  SCV  
  61  6:35  Starport Reactor  
  61  6:38  Viking  
  63  6:42  SCV  
  63  6:44  SCV  
  65  6:51  SCV  
  66  6:54  SCV  
  66  6:56  SCV  
  66  6:59  Viking  
  70  7:06  SCV  
  70  7:08  SCV  
  73  7:09  Engineering Bay  
  73  7:12  SCV  
  73  7:17  Viking  
  73  7:18  SCV  
  76  7:24  SCV  
  76  7:25  Medivac  
  76  7:29  Viking  
  81  7:35  Supply Depot  
  81  7:36  SCV  
  80  7:45  SCV  
  80  7:47  Viking  
  80  7:48  SCV  
  83  7:57  SCV  
  81  7:58  Supply Depot  
  81  7:59  Viking  
  82  8:10  SCV  
  82  8:18  Planetary Fortress  
  81  8:22  SCV  
  81  8:23  Missile Turret  
  82  8:34  SCV  
  83  8:36  Viking x2  
  87  8:44  Missile Turret  
  87  8:46  SCV  
  88  8:49  Command Center  
  88  8:52  Terran Ship Weapons Level 1  
  88  8:55  SCV  
  89  9:00  Fusion Core  
  89  9:01  SCV  
  90  9:04  Missile Turret  
  90  9:06  Viking x2  
  90  9:07  SCV  
  90  9:08  Marine x2  
  97  9:13  SCV  
  98  9:19  SCV  
  99  9:25  SCV  
  99  9:26  Marine x2  
  99  9:31  Sensor Tower  
  101  9:37  SCV  
  98  9:42  Starport Tech Lab  
  98  9:44  Marine  
  99  9:50  SCV, Terran Infantry Weapons Level 1  
  100  9:55  Missile Turret  
  100  10:01  Refinery  
  100  10:05  Siege Tank  
  95  10:10  Command Center  
  91  10:27  Refinery  
  91  10:31  Factory  
  91  10:33  Battlecruiser  
  97  10:37  Marine x2, Thor  
  97  10:41  Barracks Tech Lab  
  105  10:46  Terran Vehicle And Ship Armor Level 1  
  105  10:49  Planetary Fortress  
  105  10:55  Marine x2  
  107  11:02  Liberator  
  109  11:13  Marine x2  
  108  11:20  Thor  
  114  11:28  SCV  
  114  11:29  Planetary Fortress  
  114  11:30  Marine  
  114  11:31  Marine  
  117  11:32  Missile Turret  
  117  11:40  SCV, Marine  
  117  11:44  Terran Infantry Armor Level 1  
  117  11:48  Marine x2  
  117  11:52  SCV  
  117  11:53  Missile Turret  
  112  11:58  Marauder  
  114  12:04  SCV  
  114  12:06  Marine  
  116  12:15  SCV  
  116  12:16  SCV  
  116  12:20  Marauder  
  112  12:28  SCV  
  99  12:40  SCV  
  99  12:41  Marauder  
  102  12:49  Refinery  
  102  12:50  Refinery  
  102  12:51  SCV  
  103  12:52  SCV  
  103  12:53  Refinery  
  103  12:58  SCV  
  84  13:02  Marauder  
  84  13:03  SCV  
  88  13:10  SCV  
  89  13:15  Refinery, SCV  
  89  13:16  Marine x2  
  89  13:18  Thor  
  93  13:20  Battlecruiser  
  93  13:21  Viking x2  
  93  13:22  SCV  
  93  13:23  Marine  
  104  13:27  SCV  
  104  13:34  SCV, Marine x2  
  105  13:38  Hi-Sec Auto Tracking  
  105  13:39  SCV  
  107  13:46  SCV  
  108  14:04  Command Center  
  108  14:10  Supply Depot  
  108  14:16  Terran Vehicle Weapons Level 1  
  108  14:17  SCV  
  109  14:30  SCV  
  109  14:31  Liberator, Viking  
  109  14:34  Missile Turret  
  115  14:39  Supply Depot  
  115  14:41  Orbital Command  
  115  14:42  SCV  
  115  14:53  Sensor Tower  
  115  14:54  SCV  
  115  14:57  Sensor Tower  
  116  15:00  Thor  
  116  15:02  Supply Depot  
  116  15:06  SCV  
  121  15:16  Battlecruiser  
  121  15:17  Command Center  
  121  15:18  SCV  
  121  15:19  Missile Turret  
  121  15:20  Planetary Fortress  
  128  15:24  Supply Depot  
  128  15:27  Viking  
  130  15:30  SCV  
  127  15:43  SCV, Thor  
  127  15:46  Supply Depot  
  120  15:55  SCV  
  94  16:09  Supply Depot  
  85  16:18  Marine  
  84  16:28  Command Center  
  84  16:31  Command Center, Supply Depot  
  78  16:36  Marine  
  79  16:45  Starport Tech Lab  
  69  16:54  Marine  
  69  16:55  SCV  
  69  16:59  Refinery  
  71  17:02  SCV  
  71  17:08  SCV  
  73  17:12  Marine  
  71  17:20  SCV  
Tags
 
Add a new tag
Caveats
  • Supply blocks, unpowered buildings, or Contaminate may cause inaccurate times.
  • Supply counts are checked every 10 seconds.